 Dungeon Crawl Stone Soup version 0.29.1-debian-1-gc3f1650bb9 (webtiles) character file.

Game seed: 1406996194121761719

1544 blackman the Spear-Bearer (level 9, -2/71 HPs)
             Began as a Human Delver on Sept 12, 2022.
             Was a Believer of Ashenzari.
             Slain by a steam dragon (3 damage)
             ... on level 6 of the Dungeon.
             The game lasted 00:18:24 (8847 turns).

blackman the Spear-Bearer (Human Delver)            Turns: 8847, Time: 00:18:24

Health: -2/71      AC: 10    Str: 16    XL:     9   Next: 11%
Magic:  9/9        EV: 11    Int: 11    God:    Ashenzari [**....]
Gold:   318        SH:  5    Dex: 15    Spells: 8/8 levels left

rFire   . . .      SeeInvis +   w - +1 dagger "Manifest Lethargy" {venom, Melee, Alch} (curse)
rCold   + . .      Faith    .   (no shield)
rNeg    . . .      Spirit   .   q - +2 ring mail {rC+}
rPois   .          Reflect  +   (no helmet)
rElec   .          Harm     .   k - +0 cloak "Mistrust of Ashenzari" {Melee, Self} (curse)
rCorr   .          Rampage  .   (no gloves)
Will    .....                   D - +1 pair of boots of the All-seeing Repose {Fort, Melee} (curse)
Stlth   ++........              x - amulet of reflection
HPRegen 0.21/turn               i - ring "Eternal With Me" {SInv, Elem, Bglg} (curse)
MPRegen 0.11/turn               (no ring)

@: no status effects
A: no striking features
a: Renounce Religion, Shatter the Chains


You were on level 6 of the Dungeon.
You worshipped Ashenzari.
Ashenzari was pleased with you.
You visited 2 branches of the dungeon, and saw 7 of its levels.

You collected 318 gold pieces.

Inventory:

Hand Weapons
 w - the cursed +1 dagger "Manifest Lethargy" (weapon) {venom, Melee, Alch}
   (You took it off an orc on level 3 of the Dungeon)

   It poisons the flesh of those it strikes.
   It has a curse which improves the following skills: Melee Combat: Short
   Blades, Long Blades, Axes, Maces & Flails, Polearms, Staves and Unarmed
   Combat.
   Alchemy:   Poison Magic and Transmutations.
 E - a +1 dagger of holy wrath
 H - a +0 halberd
Missiles
 n - 4 javelins
 o - 20 poisoned darts (quivered)
Armour
 k - the cursed +0 cloak "Mistrust of Ashenzari" (worn) {Melee, Self}
   (You found it on level 3 of the Dungeon)

   It has a curse which improves the following skills: Melee Combat: Short
   Blades, Long Blades, Axes, Maces & Flails, Polearms, Staves and Unarmed
   Combat.
   Introspection: Fighting and Spellcasting.
 q - a +2 ring mail of cold resistance (worn)
 D - the cursed +1 pair of boots of the All-seeing Repose (worn) {Fort, Melee}
   (You found it on level 5 of the Dungeon)

   It has a curse which improves the following skills: Fortitude: Armour and
   Shields.
   Melee Combat: Short Blades, Long Blades, Axes, Maces & Flails, Polearms,
   Staves and Unarmed Combat.
Jewellery
 i - the cursed ring "Eternal With Me" (left hand) {SInv, Elem, Bglg}
   (You found it on level 3 of the Dungeon)

   [ring of see invisible]

   SInv:      It lets you see invisible.
   It has a curse which improves the following skills: Elements: Fire Magic, Ice
   Magic, Air Magic and Earth Magic.
   Beguiling: Conjurations, Hexes and Translocations.
 s - a +4 ring of protection
 x - an amulet of reflection (around neck)
 C - an amulet of guardian spirit
Wands
 g - a wand of digging (1)
Scrolls
 c - a scroll of fog
 e - a scroll of fear
 j - 5 scrolls of identify
 m - a scroll of vulnerability
 u - 2 scrolls of teleportation
 v - 2 scrolls of immolation
 y - 2 scrolls of butterflies
Potions
 a - a potion of flight
 b - a potion of berserk rage
 d - a potion of curing
 f - a potion of haste
 h - 5 potions of heal wounds
 l - a potion of magic
 p - a potion of invisibility
 r - a potion of degeneration
 t - 2 potions of cancellation
 z - a potion of attraction
 F - a potion of brilliance


   Skills:
 * Level 5.5(6.8) Fighting
 - Level 9.9(12.4) Polearms
 - Level 2.0 Dodging
 - Level 5.0 Stealth


You had 8 spell levels left.
You didn't know any spells.
Your spell library contained the following spells:

 Spells                   Type           Power      Damage    Failure   Level
 Foxfire                  Conj/Fire      0%         2x1d4     54%         1
 Static Discharge         Conj/Air       0%         3-3/arc   67%         2
 Inner Flame              Hex/Fire       0%         N/A       88%         3
 Kindle Blastsparks       Fire/Tloc/Air  0%         2d10      88%         3
 Flame Wave               Conj/Fire      0%         2d4       99%         4
 Sticky Flame             Conj/Fire      0%         2d3       99%         4
 Dispel Undead            Necr           0%         3d6       100%        4


Dungeon Overview and Level Annotations

Branches:
Dungeon (6/15)             Temple (1/1) D:5

Altars:
Ashenzari
Cheibriados
Dithmenos
Elyvilon
Fedhas
Hepliaklqana
Kikubaaqudgha
Makhleb
Nemelex Xobeh
Okawaru
Qazlal
Ru
Trog
Uskayaw
Vehumet
Wu Jian
Xom
Yredelemnul
Zin
The Shining One

Shops:
D:1 [   D:5 ?


Message History

You hit the steam dragon.
The steam dragon looks even sicker.
The steam dragon is lightly wounded.
The steam dragon bites you. The steam dragon claws you.
You hit the steam dragon but do no damage.
The steam dragon is moderately wounded.
You block the steam dragon's attack. x2
You barely miss the steam dragon.
The steam dragon is moderately wounded.
The steam dragon breathes steam at you. The ball of steam hits you.
* * * LOW HITPOINT WARNING * * *
The steam dragon barely misses you. x2
You closely miss the steam dragon.
The steam dragon is moderately wounded.
The steam dragon bites you.
* * * LOW HITPOINT WARNING * * *
You block the steam dragon's attack.
You hit the steam dragon but do no damage.
The steam dragon looks as sick as possible!
The steam dragon is moderately wounded.
The steam dragon closely misses you.
The steam dragon claws you but does no damage.
You barely miss the steam dragon.
The steam dragon is moderately wounded.
The steam dragon bites you.
* * * LOW HITPOINT WARNING * * *
You block the steam dragon's attack.
You completely miss the steam dragon.
The steam dragon is heavily wounded.
The steam dragon bites you.
* * * LOW HITPOINT WARNING * * *
The steam dragon claws you.
* * * LOW HITPOINT WARNING * * *
You hit the steam dragon but do no damage.
The steam dragon looks as sick as possible!
The steam dragon is heavily wounded.
The steam dragon bites you!
* * * LOW HITPOINT WARNING * * *
The steam dragon claws you.
You die...

.....#####..#....#...###.#
.......##.......#........#
.......#....##.#.#.##########
.............#..#...........#
............##.##..########.#
#............#.##..# #.#
##....#.....##.##..# #.#
8..8.####...##.D...# #.#
...#.#.###..#..#@.<# #.#
...#..........##...########.#
...............#..........#.#
....8........8##...######)#.#
.8.#############...# #.#.#
.###.#####.#.#.....# #)#.#
#.#.............#..# #.#.#
##.####..########.>## #.#.#
#..###..## #...# #.#.#


You could see a steam dragon (extremely poisoned).

Vanquished Creatures
  A black bear (D:5)
  An orc warrior (D:6)
  A sky beast (D:6)
  A centaur (D:6)
  2 ogres (D:5)
  A kobold brigand (D:6)
  3 scorpions
  A necrophage (D:6)
  2 jellies (D:6)
  3 hounds
  4 orc priests (D:6)
  3 iguanas
  3 orc wizards
  11 adders
  2 white imps
  2 dart slugs
  15 orcs
  10 endoplasms
  2 giant cockroaches
  6 goblins
  5 hobgoblins
  2 jackals (D:2)
  9 kobolds
  3 quokkas
  5 ball pythons
  5 bats
  3 frilled lizards
  4 rats
110 creatures vanquished.

Vanquished Creatures (collateral kills)
  An ogre (D:3)
  An endoplasm (D:3)
2 creatures vanquished.

Vanquished Creatures (others)
  A wizard (D:4)
  4 plants (D:4)
5 creatures vanquished.

Grand Total: 117 creatures vanquished

Notes
Turn   | Place    | Note
-------+----------+-------------------------------------------
     0 | D:5      | blackman the Human Delver began the quest for the Orb.
     0 | D:5      | Reached XP level 1. HP: 18/18 MP: 1/1
     4 | D:5      | Found a shadowy altar of Dithmenos.
    12 | D:5      | Noticed a hound
    33 | D:5      | Found a staircase to the Ecumenical Temple.
    48 | Temple   | Entered the Ecumenical Temple
   199 | Temple   | Became a worshipper of Ashenzari the Shackled
   330 | D:4      | Found a bloodstained altar of Trog.
   333 | D:4      | Noticed a wizard
   339 | D:4      | Killed a wizard
   706 | D:4      | Found a hazy altar of Hepliaklqana.
   800 | D:3      | Identified the +2 robe of the Scribe {+Blink Dex+2}
   882 | D:2      | Found a glowing silver altar of Zin.
   906 | D:3      | Reached XP level 2. HP: 4/24 MP: 2/2
  1472 | D:2      | Reached skill level 3 in Polearms
  1472 | D:2      | Reached XP level 3. HP: 24/29 MP: 3/3
  1741 | D:1      | Found Fupigroneg's Antique Armour Boutique.
  1846 | D:1      | Reached skill level 4 in Polearms
  1846 | D:1      | Reached XP level 4. HP: 34/35 MP: 4/4
  2062 | D:1      | Reached * piety under Ashenzari
  3330 | D:3      | Reached XP level 5. HP: 36/41 MP: 5/5
  3410 | D:3      | Noticed an ogre
  3421 | D:3      | Killed an ogre
  3422 | D:3      | Reached skill level 5 in Polearms
  3422 | D:3      | Reached XP level 6. HP: 38/47 MP: 6/6
  3615 | D:4      | Reached skill level 6 in Polearms
  3710 | D:4      | Found a white marble altar of Elyvilon.
  4054 | D:5      | Found a basalt altar of Yredelemnul.
  4305 | D:5      | Reached skill level 7 in Polearms
  4305 | D:5      | Reached XP level 7. HP: 53/53 MP: 7/7
  4553 | D:5      | Reached skill level 8 in Polearms
  4837 | D:5      | Reached XP level 8. HP: 44/60 MP: 8/8
  4919 | D:5      | Found Kyryul's Magic Scroll Boutique.
  4999 | D:5      | Found an ornate altar of the Wu Jian Council.
  5172 | D:6      | Reached ** piety under Ashenzari
  5883 | D:6      | Reached skill level 9 in Polearms
  8264 | D:6      | Reached skill level 5 in Fighting
  8264 | D:6      | Reached XP level 9. HP: 60/69 MP: 9/9
  8847 | D:6      | HP: 1/71 [steam dragon (8)]
  8847 | D:6      | Slain by a steam dragon

Illustrated notes

Levels and vault maps discovered:
D:1:      dpeg_arrival_pond, layout_basic, serial_shops, nicolae_diamond_shop,
          serial_glass, glass_columns_b, glass_columns_b
D:2:      layout_rooms, basic_altar
D:3:      layout_rooms
D:4:      layout_basic, trog_wizard, nicolae_hepliaklqana_hazy_memory,
          nicolae_elyvilon_peaceful_grove, kennysheep_doodads
D:5:      layout_basic, yredelemnul_altar_generic,
          nicolae_dithmenos_shadow_blocks, nzn_wu_jian_council_hall,
          minmay_temple_entry_trees, serial_shops, nicolae_shop_stone,
          minivault_4, eino_tiny_chamber
D:6:      hellmonk_crumbling_castle, layout_basic
Temple:   nicolae_temple_superstar

Skill      XL: |  1  2  3  4  5  6  7  8 |
---------------+-------------------------+-----
Polearms       | 3 4 5 7 8 9 |  9.9
Fighting       | 5 |  5.5
Dodging        | |  2.0
Stealth        | |  5.0

Action                   |  1- 3 |  4- 6 |  7- 9 || total
-------------------------+-------+-------+-------++-------
Melee: Spear             |   114 |    85 |       ||   199
       Dagger            |       |    86 |   233 ||   319
       Punch             |       |     3 |     3 ||     6
Throw: Dart              |       |     4 |     5 ||     9
       Javelin           |       |       |    17 ||    17
Invok: Curse Item        |     1 |     2 |     2 ||     5
       Shatter the Chain |       |     1 |       ||     1
Evoke: Wand              |     2 |       |       ||     2
  Use: Scroll            |     2 |     1 |     2 ||     5
       Potion            |       |       |     3 ||     3
 Stab: Sleeping          |     5 |    16 |     2 ||    23
       Fleeing           |       |       |     1 ||     1
Armor: Robe              |    23 |    19 |       ||    42
       Ring mail         |       |    19 |    93 ||   112
Dodge: Dodged            |    72 |    77 |   104 ||   253
Block: Other             |       |    25 |    61 ||    86
       Reflection        |       |       |     3 ||     3
